BLB
WILMINGTON WILDCATS @ TORONTO CANADIANS
07/28/2059
 
TOP OF THE 1ST
Wilmington Wildcats batting - Pitching for Toronto Canadians : RHP Drew Durham
Pitching: RHP Drew Durham
Batting: RHB Vince Cox 0-0: Ground out 6-3 (Groundball, 6M, EV 78.8 MPH)
Batting: LHB Dorsey Cahue 0-0: Foul Ball, location: 2F
0-1: Fly out, F9 (Flyball, 9S, EV 92.5 MPH)
Batting: RHB Evan Yanko 0-0: Called Strike
0-1: Ball
1-1: Reached on error, E6 (Groundball, P, EV 81.9 MPH)
Batting: LHB James Munsie 0-0: Called Strike
0-1: Foul Ball, location: 2F
0-2: Foul Ball, location: 2F
0-2: Strikes out swinging
Top of the 1st over - 0 runs, 0 hits, 1 error, 1 left on base; Wilmington 0 - Toronto 0
BOTTOM OF THE 1ST
Toronto Canadians batting - Pitching for Wilmington Wildcats : RHP Zack Fleming
Pitching: RHP Zack Fleming
Batting: LHB Chase Calhoun 0-0: Ball
1-0: Called Strike
1-1: Foul Ball, location: 2F
1-2: Ball
2-2: Strikes out swinging
Batting: RHB Olin Keele 0-0: Ball
1-0: Swinging Strike
1-1: Fly out, F7 (Flyball, 78S, EV 93.1 MPH)
Batting: LHB Brian Wheat 0-0: Ball
1-0: Called Strike
1-1: Swinging Strike
1-2: Foul Ball, location: 2F
1-2: Foul Ball, location: 2F
1-2: Ball
2-2: Foul Ball, location: 2F
2-2: Foul Ball, location: 2F
2-2: Strikes out swinging
Bottom of the 1st over - 0 runs, 0 hits, 0 errors, 0 left on base; Wilmington 0 - Toronto 0
TOP OF THE 2ND
Wilmington Wildcats batting - Pitching for Toronto Canadians : RHP Drew Durham
Batting: SHB Al Flanagan 0-0: Called Strike
0-1: Ball
1-1: Swinging Strike
1-2: Ball
2-2: Strikes out swinging
Batting: RHB Raymond Dixon 0-0: Fly out, F3 (Popup, 3SF, EV 68.1 MPH)
Batting: RHB James Scarbrough 0-0: Swinging Strike
0-1: DOUBLE (Line Drive, 5D, EV 96.2 MPH)
Batting: RHB Lucas Shultz 0-0: Called Strike
0-1: Foul Ball, location: 2F
0-2: Ground out 6-3 (Groundball, 6, EV 84.4 MPH)
Top of the 2nd over - 0 runs, 1 hit, 0 errors, 1 left on base; Wilmington 0 - Toronto 0
BOTTOM OF THE 2ND
Toronto Canadians batting - Pitching for Wilmington Wildcats : RHP Zack Fleming
Batting: LHB Kelvin Kenney 0-0: Ball
1-0: Foul Ball, location: 2F
1-1: Ball
2-1: Hit by Pitch
Batting: LHB Cory Petit 0-0: Ball
1-0: Grounds into double play, 3-6-3 (Groundball, 3S, EV 89.4 MPH)
Batting: LHB Romeo Nester 0-0: Ground out 1-3 (Groundball, 34S, EV 65.6 MPH)
Bottom of the 2nd over - 0 runs, 0 hits, 0 errors, 0 left on base; Wilmington 0 - Toronto 0
TOP OF THE 3RD
Wilmington Wildcats batting - Pitching for Toronto Canadians : RHP Drew Durham
Batting: RHB Julian Crews 0-0: Swinging Strike
0-1: SINGLE (Line Drive, 6D, EV 98.1 MPH)
Batting: RHB Vince Cox 0-0: Called Strike
Julian Crews steals 2nd base
0-1: Ball
1-1: Called Strike
1-2: Ball
2-2: Strikes out swinging
Batting: LHB Dorsey Cahue 0-0: Ball
1-0: Foul Ball, location: 2F
1-1: Ground out U3 (Groundball, 3, EV 86.9 MPH)
Julian Crews to third
Batting: RHB Evan Yanko 0-0: Ball
1-0: Swinging Strike
1-1: SINGLE (Line Drive, 5D, EV 106.2 MPH)
Julian Crews scores
Batting: LHB James Munsie 0-0: Ball
1-0: Ball
Evan Yanko is caught stealing 2nd base 2-6
Top of the 3rd over - 1 run, 2 hits, 0 errors, 0 left on base; Wilmington 1 - Toronto 0
BOTTOM OF THE 3RD
Toronto Canadians batting - Pitching for Wilmington Wildcats : RHP Zack Fleming
Batting: LHB David Mitchell 0-0: Ball
1-0: Fly out, F7 (Line Drive, 78M, EV 103.1 MPH)
Batting: RHB Keon Pryor 0-0: Ball
1-0: DOUBLE (Line Drive, 3D, EV 98.8 MPH)
Batting: LHB Braden Tallman 0-0: Called Strike
0-1: Ball
1-1: Ball
2-1: Ground out 6-3 (Groundball, 6, EV 90.6 MPH)
Keon Pryor to third
Batting: LHB Chase Calhoun 0-0: Called Strike
0-1: Ball
1-1: Ground out 4-3 (Groundball, 4, EV 89.4 MPH)
Bottom of the 3rd over - 0 runs, 1 hit, 0 errors, 1 left on base; Wilmington 1 - Toronto 0
TOP OF THE 4TH
Wilmington Wildcats batting - Pitching for Toronto Canadians : RHP Drew Durham
Batting: LHB James Munsie 0-0: Called Strike
0-1: Hit by Pitch
Batting: SHB Al Flanagan 0-0: Called Strike
0-1: Called Strike
0-2: Foul Ball, location: 2F
0-2: Ball
1-2: Strikes out swinging
Batting: RHB Raymond Dixon 0-0: Ball
1-0: Called Strike
1-1: Called Strike
1-2: Strikes out swinging
Batting: RHB James Scarbrough 0-0: Called Strike
0-1: Ball
1-1: Ball
2-1: Ground out 1-3 (Groundball, 13S, EV 66.9 MPH)
Top of the 4th over - 0 runs, 0 hits, 0 errors, 1 left on base; Wilmington 1 - Toronto 0
BOTTOM OF THE 4TH
Toronto Canadians batting - Pitching for Wilmington Wildcats : RHP Zack Fleming
Batting: RHB Olin Keele 0-0: Fly out, F8 (Flyball, 8RS, EV 89.4 MPH)
Batting: LHB Brian Wheat 0-0: Foul Ball, location: 2F
0-1: Swinging Strike
0-2: Fly out, F5 (Line Drive, 5L, EV 75.6 MPH)
Batting: LHB Kelvin Kenney 0-0: Ball
1-0: Swinging Strike
1-1: Ball
2-1: Swinging Strike
2-2: Strikes out looking
Bottom of the 4th over - 0 runs, 0 hits, 0 errors, 0 left on base; Wilmington 1 - Toronto 0
TOP OF THE 5TH
Wilmington Wildcats batting - Pitching for Toronto Canadians : RHP Drew Durham
Batting: RHB Lucas Shultz 0-0: Swinging Strike
0-1: Ball
1-1: Ball
2-1: Foul Ball, location: 2F
2-2: Ball
3-2: Ground out 4-3 (Groundball, 34, EV 88.1 MPH)
Batting: RHB Julian Crews 0-0: Ball
1-0: Ball
2-0: Ground out 5-3 (Groundball, 56, EV 103.8 MPH)
Batting: RHB Vince Cox 0-0: Ball
1-0: Ball
2-0: Ball
3-0: Called Strike
3-1: Fly out, F3 (Popup, 3, EV 69.4 MPH)
Top of the 5th over - 0 runs, 0 hits, 0 errors, 0 left on base; Wilmington 1 - Toronto 0
BOTTOM OF THE 5TH
Toronto Canadians batting - Pitching for Wilmington Wildcats : RHP Zack Fleming
Batting: LHB Cory Petit 0-0: Ball
1-0: Ball
2-0: Called Strike
2-1: Called Strike
2-2: Fly out, F8 (Flyball, 8LM, EV 73.1 MPH)
Batting: LHB Romeo Nester 0-0: Swinging Strike
0-1: Ball
1-1: Ball
2-1: Foul Ball, location: 2F
2-2: Ball
3-2: Strikes out swinging
Batting: LHB David Mitchell 0-0: Fly out, F8 (Flyball, 78D, EV 105.0 MPH)
Bottom of the 5th over - 0 runs, 0 hits, 0 errors, 0 left on base; Wilmington 1 - Toronto 0
TOP OF THE 6TH
Wilmington Wildcats batting - Pitching for Toronto Canadians : RHP Drew Durham
Batting: LHB Dorsey Cahue 0-0: Ball
1-0: Foul Ball, location: 2F
1-1: Swinging Strike
1-2: Strikes out swinging
Batting: RHB Evan Yanko 0-0: Ball
1-0: Called Strike
1-1: Swinging Strike
1-2: Ball
2-2: Ground out 5-3 (Groundball, 56, EV 84.4 MPH)
Batting: LHB James Munsie 0-0: Ball
1-0: Called Strike
1-1: Ball
2-1: Swinging Strike
2-2: Strikes out swinging
Top of the 6th over - 0 runs, 0 hits, 0 errors, 0 left on base; Wilmington 1 - Toronto 0
BOTTOM OF THE 6TH
Toronto Canadians batting - Pitching for Wilmington Wildcats : RHP Zack Fleming
Batting: RHB Keon Pryor 0-0: Ball
1-0: SINGLE (Flyball, 89S, EV 87.5 MPH)
Batting: LHB Braden Tallman 0-0: Ball
1-0: Called Strike
Keon Pryor steals 2nd base
1-1: Sac Bunt to 25 - play at first, batter OUT! 5-4
Keon Pryor to third
Batting: LHB Chase Calhoun 0-0: Ball
1-0: Called Strike
1-1: Ball
2-1: Ball
3-1: SINGLE (Line Drive, 89S, EV 87.5 MPH)
Keon Pryor scores
Batting: RHB Olin Keele 0-0: Ball
Chase Calhoun is caught stealing 2nd base 2-4
1-0: Called Strike
1-1: SINGLE (Groundball, 4D, EV 105.6 MPH)
Batting: LHB Brian Wheat 0-0: 2-RUN HOME RUN (Flyball, 7LD, EV 93.1 MPH), Distance : 353 ft
Batting: LHB Kelvin Kenney 0-0: Called Strike
0-1: Called Strike
0-2: Strikes out looking
Bottom of the 6th over - 3 runs, 4 hits, 0 errors, 0 left on base; Wilmington 1 - Toronto 3
TOP OF THE 7TH
Wilmington Wildcats batting - Pitching for Toronto Canadians : RHP Drew Durham
Batting: SHB Al Flanagan 0-0: Ball
1-0: Ball
2-0: Ball
3-0: Base on Balls
Batting: RHB Raymond Dixon 0-0: Foul Ball, location: 2F
0-1: Grounds into double play, 5-4-3 (Groundball, 56, EV 80.0 MPH)
Pinch Hitting: SHB Beaumont Sanchez 0-0: Ball
1-0: Swinging Strike
1-1: Foul Ball, location: 2F
1-2: Ball
2-2: Strikes out swinging
Top of the 7th over - 0 runs, 0 hits, 0 errors, 0 left on base; Wilmington 1 - Toronto 3
BOTTOM OF THE 7TH
Toronto Canadians batting - Pitching for Wilmington Wildcats : RHP Zack Fleming
Now in LF: Beaumont Sanchez
Batting: LHB Cory Petit 0-0: Ball
1-0: Foul Ball, location: 2F
1-1: Foul Ball, location: 2F
1-2: Foul Ball, location: 2F
1-2: Fly out, F9 (Flyball, 89M, EV 83.1 MPH)
Batting: LHB Romeo Nester 0-0: SINGLE (Groundball, 4MS, EV 71.2 MPH) (infield hit)
Batting: LHB David Mitchell 0-0: Called Strike
0-1: Ball
1-1: Called Strike
1-2: Foul Ball, location: 2F
1-2: Strikes out swinging
Batting: RHB Keon Pryor 0-0: Called Strike
0-1: Ground out 5-3 (Groundball, 56S, EV 88.1 MPH)
Bottom of the 7th over - 0 runs, 1 hit, 0 errors, 1 left on base; Wilmington 1 - Toronto 3
TOP OF THE 8TH
Wilmington Wildcats batting - Pitching for Toronto Canadians : RHP Drew Durham
Now in RF: Reese Bowman
Batting: RHB Lucas Shultz 0-0: Called Strike
0-1: DOUBLE (Line Drive, 7LM, EV 95.6 MPH)
Batting: RHB Julian Crews 0-0: Ball
1-0: Swinging Strike
1-1: Foul Ball, location: 2F
1-2: Ground out 5-3 (Groundball, 56, EV 110.0 MPH)
Batting: RHB Vince Cox 0-0: Called Strike
0-1: Foul Ball, location: 2F
0-2: Ball
1-2: Fly out, F3 (Popup, 34, EV 75.0 MPH)
Batting: LHB Dorsey Cahue 0-0: Ball
1-0: Foul Ball, location: 2F
1-1: Foul Ball, location: 2F
1-2: Foul Ball, location: 2F
1-2: DOUBLE (Line Drive, 5D, EV 101.2 MPH)
Lucas Shultz scores
Pitching: LHP Jordan Stephens
Batting: RHB Evan Yanko 0-0: Ball
1-0: SINGLE (Groundball, 6MD, EV 101.2 MPH)
Dorsey Cahue to third
Runner from 3rd tries for Home, SAFE, throw by CF to home
Evan Yanko to second
Pinch Hitting: SHB JaQawn Schiegl 0-0: Called Strike
0-1: Foul Ball, location: 2F
0-2: Fly out, F9 (Flyball, 89S, EV 82.5 MPH)
Top of the 8th over - 2 runs, 3 hits, 0 errors, 1 left on base; Wilmington 3 - Toronto 3
BOTTOM OF THE 8TH
Toronto Canadians batting - Pitching for Wilmington Wildcats : RHP Zack Fleming
Now at 1B: Vince Cox
Now at 2B: JaQawn Schiegl
Batting: LHB Braden Tallman 0-0: Ball
1-0: Foul Ball, location: 2F
1-1: Ball
2-1: Swinging Strike
2-2: Ball
3-2: Foul Ball, location: 2F
3-2: Fly out, F7 (Flyball, 78M, EV 92.5 MPH)
Batting: LHB Chase Calhoun 0-0: Ground out 6-3 (Groundball, 6, EV 76.9 MPH)
Batting: RHB Olin Keele 0-0: Ball
1-0: Swinging Strike
1-1: Fly out, F7 (Flyball, 7, EV 81.9 MPH)
Bottom of the 8th over - 0 runs, 0 hits, 0 errors, 0 left on base; Wilmington 3 - Toronto 3
TOP OF THE 9TH
Wilmington Wildcats batting - Pitching for Toronto Canadians : LHP Jordan Stephens
Batting: SHB Al Flanagan 0-0: Ball
1-0: Foul Ball, location: 2F
1-1: Ball
2-1: Ball
3-1: Foul Ball, location: 2F
3-2: Strikes out swinging
Batting: RHB Raymond Dixon 0-0: Called Strike
0-1: Ball
1-1: DOUBLE (Line Drive, 9LS, EV 96.9 MPH)
Batting: SHB Beaumont Sanchez 0-0: Intentional Walk
Batting: RHB Lucas Shultz 0-0: Ground out 5-3 (Groundball, 5L, EV 85.0 MPH)
Raymond Dixon to third
Beaumont Sanchez to second
Batting: RHB Julian Crews 0-0: Ball
1-0: Swinging Strike
1-1: Foul Ball, location: 2F
1-2: Foul Ball, location: 2F
1-2: Strikes out swinging
Top of the 9th over - 0 runs, 1 hit, 0 errors, 2 left on base; Wilmington 3 - Toronto 3
BOTTOM OF THE 9TH
Toronto Canadians batting - Pitching for Wilmington Wildcats : RHP Zack Fleming
Batting: LHB Brian Wheat 0-0: Foul Ball, location: 2F
0-1: Ball
1-1: Ball
2-1: Ball
3-1: Called Strike
3-2: Foul Ball, location: 2F
3-2: Fly out, F9 (Flyball, 9, EV 94.4 MPH)
Pitching: RHP Ron Thomas
Batting: LHB Reese Bowman 0-0: Called Strike
0-1: Ball
1-1: Ground out 4-3 (Groundball, 4, EV 85.6 MPH)
Batting: LHB Cory Petit 0-0: Foul Ball, location: 2F
0-1: Called Strike
0-2: Ball
1-2: Ball
2-2: Ball
3-2: Ground out 3-1 (Groundball, 34, EV 81.9 MPH)
Bottom of the 9th over - 0 runs, 0 hits, 0 errors, 0 left on base; Wilmington 3 - Toronto 3
TOP OF THE 10TH
Wilmington Wildcats batting - Pitching for Toronto Canadians : LHP Jordan Stephens
Pitching: RHP Brian Clark
Batting: RHB Vince Cox 0-0: Called Strike
0-1: Foul Ball, location: 2F
0-2: Fly out, F9 (Flyball, 89M, EV 95.0 MPH)
Batting: LHB Dorsey Cahue 0-0: Ball
1-0: Foul Ball, location: 2F
1-1: TRIPLE (Flyball, 89XD, EV 96.9 MPH)
Batting: RHB Evan Yanko 0-0: Intentional Walk
Batting: SHB JaQawn Schiegl 0-0: Ball
1-0: Ball
2-0: TRIPLE (Line Drive, 89XD, EV 111.2 MPH)
Dorsey Cahue scores
Evan Yanko scores
Batting: SHB Al Flanagan 0-0: Intentional Walk
Batting: RHB Raymond Dixon 0-0: Ball
1-0: Swinging Strike
1-1: Swinging Strike
1-2: Strikes out looking
Batting: SHB Beaumont Sanchez 0-0: Foul Ball, location: 2F
0-1: Swinging Strike
0-2: Strikes out swinging
Top of the 10th over - 2 runs, 2 hits, 0 errors, 2 left on base; Wilmington 5 - Toronto 3
BOTTOM OF THE 10TH
Toronto Canadians batting - Pitching for Wilmington Wildcats : RHP Ron Thomas
Pitching: LHP Greg Padgett
Batting: LHB Romeo Nester 0-0: Ball
1-0: Foul Ball, location: 2F
1-1: Ball
2-1: Swinging Strike
2-2: Ball
3-2: Base on Balls
Batting: LHB David Mitchell 0-0: Ball
1-0: Grounds into double play, 5-4-3 (Groundball, 5L, EV 85.0 MPH)
Batting: RHB Keon Pryor 0-0: Ball
1-0: Called Strike
1-1: DOUBLE (Line Drive, 3D, EV 108.1 MPH)
Batting: LHB Braden Tallman 0-0: Called Strike
0-1: Ball
1-1: Foul Ball, location: 2F
1-2: Ball
2-2: Strikes out swinging
Bottom of the 10th over - 0 runs, 1 hit, 0 errors, 1 left on base; Wilmington 5 - Toronto 3
Tuesday, March 19th , 2024 - OOTP Baseball 23.10 Build 110